 Dungeon Crawl Stone Soup version 0.31-a0-845-g9abc20d24f (webtiles) character file.

Game seed: 15036352528187839868

37 BinkBink the Shooter (level 3, 0/20 HPs)
             Began as a Deep Elf Hunter on Oct 3, 2023.
             Slain by Sigmund
             ... wielding a +1 vampiric scythe
              (9 damage)
             ... on level 2 of the Dungeon.
             The game lasted 00:04:20 (1169 turns).

BinkBink the Shooter (Deep Elf Hunter)              Turns: 1169, Time: 00:04:20

Health: 0/20       AC:  0    Str:  8    XL:     3   Next: 21%
Magic:  5/5        EV: 13    Int: 13    God:
Gold:   44         SH:  0    Dex: 20    Spells: 2/2 levels left

rFire   . . .        a - +0 shortbow
rCold   . . .        (shield currently unavailable)
rNeg    . . .        (no body armour)
rPois   .            (no helmet)
rElec   .            (no cloak)
rCorr   .            (no gloves)
SInv    .            (no boots)
Will    .....        (no amulet)
Stlth   ++           (no ring)
HPRegen 0.23/turn    (no ring)
MPRegen 0.09/turn

%: no passive effects
@: no status effects
A: no striking features
a: no special abilities


You were on level 2 of the Dungeon.
You visited 1 branch of the dungeon, and saw 2 of its levels.

You collected 44 gold pieces.

Inventory:

Hand Weapons
 a - a +0 shortbow (weapon)
 b - a +1 dagger of draining
Scrolls
 c - 2 scrolls of identify {unknown}
 d - a scroll of vulnerability {unknown}
 e - a scroll of revelation {unknown}


   Skills:
 - Level 1.5 Fighting
 * Level 6.8 Ranged Weapons
 - Level 2.4 Dodging
 - Level 1.2 Stealth


You had 2 spell levels left.
You didn't know any spells.
Your spell library was empty.

Dungeon Overview and Level Annotations

Branches:
Dungeon (2/15)

Altars:

Shops:
D:1 *

Annotations:
D:2 Sigmund


Message History

The goblin hits you with a +0 club.
You shoot an arrow. The arrow closely misses the goblin.
The goblin misses you.
You shoot an arrow. The arrow closely misses the goblin.
The goblin hits you with a +0 club.
You shoot an arrow. The arrow hits the goblin.
You kill the goblin!
No target in view!
A goblin comes into view. It is wielding a +0 club.
You shoot an arrow. The arrow completely misses the goblin.
You shoot an arrow. The goblin shouts!
The arrow hits the goblin!
You kill the goblin!
No target in view!
Things that are here:
a +0 club; a goblin corpse
Found a scroll labelled DIUWUOROAH.
Found a stone staircase leading up.
There is a stone staircase leading up here.
Found a sedimented silvery potion.
You see here a sedimented silvery potion.
You shoot an arrow.
Sigmund shouts!
The arrow hits Sigmund.
Sigmund is lightly wounded.
A hobgoblin comes into view.
You shoot an arrow. The arrow hits Sigmund.
Sigmund is lightly wounded.
Sigmund casts a spell at you.
You are confused.
You bump into the rock wall.
A hobgoblin comes into view.
You bump into the rock wall.
Sigmund points at you and mumbles some strange words.
The magic dart hits you!
Ouch! That really hurt!
You feel less confused.
Sigmund hits you from afar with a +1 vampiric scythe!
You die...
Sigmund begins carving another notch in his scythe.

#.
#.#.#.#.#.#.#.#.#.#.#
....................#
########..#####.####
#..# #. #..# #.
####!.# # #.....# #
#.###.# # #@# #.# #
#.# #.# #@# #.# #gg#
#.# #..# #.# . #..#
#.# # .#.# #.# .#...
. ...


You could see Sigmund and 2 hobgoblins.

Vanquished Creatures
  3 ball pythons (D:2)
  5 endoplasms
  5 goblins
  A hobgoblin (D:1)
  6 jackals
  2 quokkas
  2 bats
  3 frilled lizards (D:1)
  3 kobolds
  2 rats
32 creatures vanquished.

Notes
Turn   | Place    | Note
-------+----------+-------------------------------------------
     0 | D:1      | BinkBink the Deep Elf Hunter began the quest for the Orb.
     0 | D:1      | Reached XP level 1. HP: 12/12 MP: 3/3
   311 | D:1      | Reached skill level 6 in Ranged Weapons
   311 | D:1      | Reached XP level 2. HP: 16/16 MP: 4/4
   491 | D:1      | Found Hohuis's Assorted Antiques.
   772 | D:2      | Reached XP level 3. HP: 20/20 MP: 5/5
   772 | D:2      | Found a faded altar of an unknown god.
   878 | D:2      | Noticed Sigmund
  1169 | D:2      | Slain by Sigmund

Illustrated notes

Levels and vault maps discovered:
D:1:      lemuel_arrival_broad_hall, layout_basic, serial_shops, shop,
          minmay_tripent
D:2:      layout_loops_ring, dreamdust_ecumenical_altar_grove,
          hangedman_decor_riveting, uniq_sigmund

Skill      XL: |  1 |
---------------+----+-----
Ranged Weapons | 6 |  6.8
Fighting       | |  1.5
Dodging        | |  2.4
Stealth        | |  1.2

Action                     || total
---------------------------++-------
   Fire: Shortbow          ||   100
    Use: Scroll            ||     1
 Armour: Skin              ||    22
  Dodge: Dodged            ||    47

Table legend: (Time is in decaauts)
 A = Elapsed time spent in this place.
 B = Non-inter-level travel time spent in this place.
 C = Inter-level travel time spent in this place.
 D = Time resting spent in this place.
 E = Time spent auto-exploring this place.
 F = Levels seen in this place.
 G = Mean time per level.
                   A        B        C        D        E       F      G
               +--------+--------+--------+--------+--------+-----+--------+
         Total |   1176 |   1172 |      4 |     15 |    869 |   2 |  588.0 |
       Dungeon |   1176 |   1172 |      4 |     15 |    869 |   2 |  588.0 |
               +--------+--------+--------+--------+--------+-----+--------+

Top non-repeatable levels by time:
     D:1: 738 daAuts
     D:2: 437 daAuts
